 Dungeon Crawl Stone Soup version 0.28.0-43-g3370ac3207 (webtiles) character file.

Game seed: 8927698680840395447

5518 crimpus the Basher (level 10, -2/63 HPs)
             Began as a Gargoyle Berserker on Mar 13, 2022.
             Was an Elder of Trog.
             Slain by a boulder beetle (27 damage)
             ... on level 9 of the Dungeon.
             The game lasted 00:11:08 (8430 turns).

crimpus the Basher (Gargoyle Berserker)             Turns: 8430, Time: 00:11:09

Health: -2/63      AC: 24    Str: 25    XL:     10   Next: 70%
Magic:  10/10      EV: 21    Int:  8    God:    Trog [****..]
Gold:   543        SH:  8    Dex:  9    Spells: 9/9 levels left

rFire   . . .      SeeInvis .   d - +0 demon whip (spect)
rCold   . . .      Faith    .   F - +0 kite shield
rNeg    + . .      Spirit   .   B - +0 plate armour
rPois   ∞          Reflect  .   t - +0 hat
rElec   +          Harm     .   k - scarf {repulsion}
rCorr   .          Rampage  .   h - +2 pair of gloves
Will    .....                   (no boots)
Stlth   ..........              y - amulet of the acrobat
HPRegen 0.20/turn               (no ring)
MPRegen 0.12/turn               (no ring)

@: on berserk cooldown, acrobatic, slowed, repel missiles, very slow
A: sickness immunity, AC +7, negative energy resistance 1, electricity
resistance, torment resistance 1, petrification resistance
a: Renounce Religion, Berserk, Trog's Hand, Brothers in Arms


You were on level 9 of the Dungeon.
You worshipped Trog.
Trog was greatly pleased with you.
You visited 1 branch of the dungeon, and saw 9 of its levels.

You collected 597 gold pieces.
You spent 54 gold pieces at shops.

Inventory:

Hand Weapons
 d - a +0 spectral demon whip (weapon)
Missiles
 q - a throwing net (quivered)
Armour
 h - a +2 pair of gloves (worn)
 k - a scarf of repulsion (worn)
 t - a +0 hat (worn)
 B - a +0 plate armour (worn)
 F - a +0 kite shield (worn)
Jewellery
 i - a ring of ice
 y - an amulet of the acrobat (around neck)
Wands
 u - a wand of acid (8)
 x - a wand of charming (8)
 D - a wand of flame (20)
 G - a wand of iceblast (10)
 K - a wand of polymorph (4)
Scrolls
 a - a scroll of fog {unknown}
 b - 2 scrolls of immolation
 g - 4 scrolls of magic mapping
 j - 3 scrolls of enchant armour
 l - a scroll of brand weapon
 n - 4 scrolls of blinking
 o - 3 scrolls of noise
 p - a scroll of torment
 r - 2 scrolls of amnesia
 z - a scroll of teleportation
 E - a scroll of acquirement {unknown}
 I - a scroll of summoning {unknown}
Potions
 c - 3 potions of lignification
 e - 5 potions of curing
 f - 3 potions of heal wounds
 m - a potion of attraction
 s - a potion of degeneration {unknown}
 v - a potion of berserk rage
 w - a potion of brilliance {unknown}
 A - 3 potions of mutation {unknown}
 C - a potion of cancellation {unknown}
 H - 2 potions of haste {unknown}
 J - a potion of resistance {unknown}


   Skills:
 + Level 7.2 Fighting
 + Level 11.2 Maces & Flails
 + Level 8.9 Armour
 - Level 2.0 Dodging
 - Level 2.5 Stealth
 * Level 5.0 Shields


You had 9 spell levels left.
You didn't know any spells.
Your spell library was empty.

Dungeon Overview and Level Annotations

Branches:
Dungeon (9/15)             Temple (0/1) D:6            Lair (0/6) D:9
    Orc: D:9-12

Altars:
Ashenzari
Cheibriados
Elyvilon
Kikubaaqudgha
Makhleb
Ru
Sif Muna
Trog
Vehumet
Wu Jian

Shops:
D:1 (   D:7 [


Innate Abilities, Weirdness & Mutations

You are immune to sickness and miasma.
Your stone body is resilient. (AC +7)
You are immune to poison.
You resist negative energy. (rN+)
You are resistant to electric shocks. (rElec)
You are resistant to unholy torment.
You are immune to petrification.


Message History

The boulder beetle bites you but does no damage.
You hit the boulder beetle.
The boulder beetle is moderately wounded.
Your +0 spectral demon whip hits the boulder beetle but does no damage.
You block the boulder beetle's attack.
You hit the boulder beetle but do no damage.
The boulder beetle is moderately wounded.
Your +0 spectral demon whip hits the boulder beetle.
The boulder beetle completely misses you.
You hit the boulder beetle.
The boulder beetle is moderately wounded.
Your +0 spectral demon whip hits the boulder beetle.
Your +0 spectral demon whip fades away.
The boulder beetle bites you!
You hit the boulder beetle but do no damage.
The boulder beetle is moderately wounded.
Your +0 spectral demon whip hits the boulder beetle!
The boulder beetle barely misses your +0 spectral demon whip.
You hit the boulder beetle but do no damage.
The boulder beetle is heavily wounded.
Your +0 spectral demon whip hits the boulder beetle!
The boulder beetle bites your +0 spectral demon whip!
Your spectral weapon shares its damage with you!
* * * LOW HITPOINT WARNING * * *
You feel much better. The boulder beetle bites you.
You block the boulder beetle's attack.
The orc warrior shouts!
You whack the boulder beetle!
The boulder beetle is severely wounded.
Your +0 spectral demon whip hits the boulder beetle but does no damage.
The boulder beetle bites your +0 spectral demon whip!!
Your spectral weapon shares its damage with you!
The boulder beetle curls into a ball and begins rolling!
The orc warrior misses you. The boulder beetle closely misses you.
The boulder beetle stops rolling and uncurls.
The boulder beetle curls into a ball and begins rolling!
The orc warrior closely misses you. The boulder beetle hits you!!
You die...

##########.......# ...o...
#.......# ......o ##
#####.### ####.## .# ##...#
..# .### #..### ####'##
...### ##.##### ...°...
.....#####......# .......
...#.......[..○.### .......
...#######...°.B@.##○......
...# #.....o#.['.......
...# #......####.......
#### #......# #######
########


You could see a boulder beetle (rolling) and an orc warrior.

Vanquished Creatures
  Erica (D:8)
  Prince Ribbit (D:9)
  A wyvern (D:9)
  6 yaks
  A steam dragon (D:8)
  3 water moccasins
  2 ice beasts
  A necrophage (D:7)
  3 black bears
  2 orc warriors
  A sky beast (D:5)
  4 centaurs
  2 phantoms (D:6)
  A kobold brigand (D:5)
  3 bullfrogs
  4 scorpions (D:6)
  2 water moccasin zombies
  10 killer bees (D:9)
  2 electric eels (D:8)
  A centaur zombie (D:7)
  A bullfrog zombie (D:6)
  A jelly (D:5)
  5 orc priests
  4 hounds
  A bullfrog skeleton (D:6)
  A centaur skeleton (D:6)
  2 iguanas
  4 orc wizards
  A hound skeleton (D:4)
  A howler monkey zombie (D:9)
  5 gnolls
  7 adders
  5 worms
  4 dart slugs
  21 orcs
  2 ball pythons
  11 endoplasms
  2 giant cockroaches
  10 goblins
  5 hobgoblins
  8 jackals
  9 kobolds
  7 quokkas
  7 bats
  5 rats
180 creatures vanquished.

Vanquished Creatures (others)
  8 fungi (D:9)
  7 plants (D:9)
15 creatures vanquished.

Grand Total: 195 creatures vanquished

Notes
Turn   | Place    | Note
-------+----------+-------------------------------------------
     0 | D:1      | crimpus the Gargoyle Berserker began the quest for the Orb.
     0 | D:1      | Reached XP level 1. HP: 14/14 MP: 1/1
   105 | D:1      | Found a faded altar of an unknown god.
   339 | D:1      | Reached XP level 2. HP: 14/19 MP: 2/2
   874 | D:1      | Found Mumais's Antique Weapon Boutique.
  1044 | D:1      | Reached XP level 3. HP: 24/24 MP: 3/3
  1513 | D:2      | Reached ** piety under Trog
  1569 | D:2      | Reached skill level 4 in Maces & Flails
  1665 | D:2      | Reached XP level 4. HP: 29/29 MP: 4/4
  1688 | D:2      | Reached skill level 1 in Stealth
  1723 | D:2      | Identified the +1 shortbow "Yradat" {flame, Str+4}
  1965 | D:3      | Reached XP level 5. HP: 28/33 MP: 5/5
  2284 | D:3      | Found an ancient bone altar of Kikubaaqudgha.
  2593 | D:4      | Reached *** piety under Trog
  2595 | D:4      | Reached skill level 5 in Maces & Flails
  2702 | D:4      | Found a radiant altar of Vehumet.
  2779 | D:4      | Reached XP level 6. HP: 38/38 MP: 6/6
  2841 | D:4      | Found a bloodstained altar of Trog.
  3391 | D:5      | Entered Level 5 of the Dungeon
  3550 | D:5      | Noticed a sky beast
  3561 | D:5      | Killed a sky beast
  3691 | D:5      | Reached skill level 6 in Maces & Flails
  3691 | D:5      | Reached XP level 7. HP: 44/44 MP: 7/7
  4142 | D:5      | Found a faded altar of an unknown god.
  4142 | D:5      | Found a sacrificial altar of Ru.
  4149 | D:5      | Found a snail-covered altar of Cheibriados.
  4151 | D:5      | Found a broken altar of Ashenzari.
  4153 | D:5      | Found a faded altar of an unknown god.
  4344 | D:6      | Reached skill level 7 in Maces & Flails
  4862 | D:6      | Reached skill level 5 in Fighting
  4862 | D:6      | Reached XP level 8. HP: 43/49 MP: 8/8
  5061 | D:6      | Reached skill level 5 in Armour
  5291 | D:6      | Found a staircase to the Ecumenical Temple.
  5343 | D:6      | Reached skill level 8 in Maces & Flails
  5441 | D:6      | Reached **** piety under Trog
  5714 | D:7      | Found an ornate altar of the Wu Jian Council.
  5792 | D:7      | Reached XP level 9. HP: 52/55 MP: 9/9
  5819 | D:7      | Found a white marble altar of Elyvilon.
  5911 | D:7      | Found Hoss's Armour Shoppe.
  5916 | D:7      | Bought a +0 buckler for 54 gold pieces
  6005 | D:7      | Found a burning altar of Makhleb.
  6039 | D:7      | Reached skill level 9 in Maces & Flails
  6043 | D:7      | Reached skill level 1 in Shields
  6371 | D:8      | Reached skill level 10 in Maces & Flails
  6821 | D:8      | Reached XP level 10. HP: 58/61 MP: 10/10
  7588 | D:8      | Noticed Erica
  7592 | D:8      | Killed Erica
  7866 | D:9      | Found a shimmering blue altar of Sif Muna.
  8053 | D:9      | Noticed Prince Ribbit
  8063 | D:9      | Killed Prince Ribbit
  8064 | D:9      | Reached skill level 11 in Maces & Flails
  8335 | D:9      | Found a staircase to the Lair.
  8383 | D:9      | Reached skill level 5 in Shields
  8400 | D:9      | Noticed a boulder beetle
  8430 | D:9      | Slain by a boulder beetle

Illustrated notes

Levels and vault maps discovered:
D:1:      amcnicky_arrival_blooded_trapdoor, layout_loops_corners,
          hellmonk_ecumenical_altar_pennies_from_heaven, serial_shops,
          shop_fountains
D:2:      layout_basic
D:3:      layout_loops_cross, kiku_gazebo_garden_becter, nicolae_wormholes
D:4:      layout_layer_cave, nicolae_vehumet_radiance, lemuel_doored_altar,
          serial_bayou_ford_a
D:5:      layout_basic, chequers_temple_overflow_minitemple,
          chequers_serial_rivers_small_b, minmay_starry_boxes
D:6:      layout_basic, minmay_temple_entry_tees, serial_glass, glass_columns_a,
          glass_columns_b
D:7:      layout_gridville, lightli_temple_of_fire,
          mainiacjoe_overflow_brackets, mainiacjoe_overflow_cross_hatched,
          serial_shops, nicolae_shop_hallway_stairs
D:8:      layout_basic, kennysheep_dice, uniq_erica
D:9:      layout_roguey, mainiacjoe_overflow_24_doors,
          grunt_lair_entry_orc_guard_hut, uniq_prince_ribbit1

Skill      XL: |  1  2  3  4  5  6  7  8  9 10 |
---------------+-------------------------------+-----
Maces & Flails | 4 5 6 7 8 10 11 | 11.2
Fighting       | 4 5 6 7 |  7.2
Stealth        | 1 2 |  2.5
Dodging        | 2 |  2.0
Armour         | 3 4 6 7 8 |  8.9
Shields        | 3 5 |  5.0

Action                   |  1- 3 |  4- 6 |  7- 9 | 10-12 || total
-------------------------+-------+-------+-------+-------++-------
Melee: Mace              |    18 |       |       |       ||    18
       Demon whip        |    64 |    84 |   161 |   105 ||   414
       Punch             |       |     4 |     1 |       ||     5
Invok: Berserk           |       |     1 |     3 |     4 ||     8
  Use: Scroll            |     2 |     8 |     3 |       ||    13
       Potion            |     1 |       |       |     1 ||     2
 Stab: Sleeping          |     3 |     8 |       |       ||    11
       Distracted        |       |     1 |       |     1 ||     2
Armor: Animal skin       |    29 |    13 |       |       ||    42
       Scale mail        |       |    11 |    36 |       ||    47
       Plate armour      |       |       |    30 |    49 ||    79
Dodge: Dodged            |    37 |    32 |    69 |    42 ||   180
       Repelled          |       |       |     5 |       ||     5
Block: Buckler           |       |       |     8 |     1 ||     9
       Kite shield       |       |       |       |    30 ||    30
